Map: Prion Terraces

Players

Klocks

  • Race: Protoss Protoss
  • League: Diamond

LilDicky - Winner!

  • Race: Terran Terran
  • League: Diamond

VOD

http://www.twitch.tv/tumescentpie

Description

Time

  • Played on: Dec. 7, 2015, 1:37 p.m.
  • Length: 9:51
Show
View Real Time Build Order
Export as new Build Order

Klocks Protoss 

Build Orders: 1 Gate Expand 

Get SALT Encoding   

  12  0:02  Probe (Chrono Boost)  
  13  0:12  Probe (Chrono Boost)  
  14  0:21  Pylon  
  14  0:24  Probe (Chrono Boost)  
  15  0:39  Gateway, Probe (Chrono Boost)  
  16  0:46  Assimilator  
  16  0:50  Probe (Chrono Boost)  
  17  1:00  Probe (Chrono Boost)  
  18  1:25  Nexus  
  18  1:34  Cybernetics Core  
  18  1:36  Probe (Chrono Boost)  
  19  1:46  Probe (Chrono Boost)  
  20  1:51  Pylon  
  20  1:57  Probe (Chrono Boost)  
  21  2:07  Probe (Chrono Boost)  
  22  2:15  Warp Gate (Chrono Boost)  
  22  2:18  Mothership Core (Chrono Boost)  
  22  2:19  Assimilator  
  24  2:29  Pylon  
  24  2:37  Probe (Chrono Boost)  
  25  2:43  Probe (Chrono Boost)  
  26  2:52  Robotics Facility  
  26  3:02  Probe x2 (Chrono Boost)  
  28  3:09  Gateway  
  28  3:11  Gateway  
  28  3:16  Twilight Council  
  28  3:17  Probe x2 (Chrono Boost)  
  25  3:37  Assimilator  
  25  3:41  Forge  
  25  3:46  Observer  
  26  3:51  Probe x2 (Chrono Boost)  
  28  4:11  Probe  
  28  4:13  Probe  
  30  4:20  Stalker x2  
  30  4:22  Zealot  
  36  4:29  Warp Prism (Chrono Boost)  
  38  4:46  Probe  
  38  4:47  Probe  
  40  4:56  Probe  
  40  4:59  Probe  
  42  5:04  Photon Cannon  
  42  5:10  Probe  
  42  5:12  Probe  
  44  5:16  Gateway  
  44  5:19  Pylon  
  44  5:21  Gateway  
  44  5:22  Probe, Gateway  
  44  5:24  Probe  
  46  5:33  Pylon  
  46  5:36  Probe  
  46  5:37  Probe  
  48  5:49  Adept x3  
  54  5:51  Probe  
  54  5:52  Probe  
  50  6:15  Dark Shrine  
  47  6:31  Mothership Core  
  43  6:52  Pylon  
  23  7:36  Nexus  
  18  8:42  Nexus  
Show
View Real Time Build Order
Export as new Build Order

LilDicky Terran - Winner!

Build Orders: MMM Bio 

Get SALT Encoding   

  12  0:01  SCV  
  13  0:13  SCV  
  14  0:18  Supply Depot  
  14  0:25  SCV  
  15  0:28  Refinery  
  15  0:42  Barracks  
  15  0:45  SCV  
  16  0:58  SCV  
  17  1:10  SCV  
  18  1:22  SCV  
  19  1:29  Supply Depot, Marine  
  20  1:38  Factory  
  20  1:41  Orbital Command  
  20  1:47  Marine  
  21  1:58  Barracks  
  21  2:08  Barracks  
  21  2:11  Barracks Reactor  
  21  2:21  SCV  
  22  2:25  Refinery  
  22  2:39  SCV  
  22  2:43  Supply Depot  
  23  2:46  Barracks Tech Lab  
  23  2:50  Widow Mine  
  23  2:51  SCV  
  26  2:56  Barracks Tech Lab  
  26  2:57  Marine x2  
  28  3:03  SCV  
  28  3:13  Stimpack  
  28  3:15  SCV  
  28  3:16  Combat Shields  
  28  3:17  Marine  
  28  3:18  Widow Mine  
  32  3:20  Marine  
  33  3:32  Marine, Marauder  
  36  3:37  SCV, Marine  
  36  3:40  Marine  
  39  3:47  Supply Depot  
  39  4:01  Marauder x2  
  41  4:03  Marine  
  42  4:12  Supply Depot, Marine  
  43  4:22  Starport  
  41  4:31  Marauder  
  41  4:32  Marine  
  44  4:39  Concussive Shells  
  44  4:46  Marauder, Marine  
  44  4:49  SCV  
  48  4:57  Marauder  
  50  5:00  Medivac  
  52  5:15  SCV  
  52  5:19  Supply Depot  
  53  5:27  Marauder x2, Marine x2  
  59  5:31  Medivac  
  61  5:38  Widow Mine  
  61  5:40  SCV  
  64  5:45  Marine  
  48  6:36  Starport Tech Lab  
  38  7:03  Orbital Command  
  29  8:00  Cloaking Field  
  29  9:07  Orbital Command  
Tags
 
Add a new tag
Caveats
  • Supply blocks, unpowered buildings, or Contaminate may cause inaccurate times.
  • Supply counts are checked every 10 seconds.